General information
- name: BNet
- type: Ladder team game (AT/RT)
- host: Battle.net
- saver: The.Gigalo
map: MarketSquare
- players: 8
- length: 14:17
- speed: Fast
- version: 1.26 W3XP
- replay type: Public
» download(83 KB)
Players
team 1 (loser)
maaricatu (
yellow | 62 APM | 883 actions | 14:17)
5 Death Knight
2 Death Coil
3 Unholy Aura
» actions
| Assign group hotkey | 44 | |
| Basic commands | 61 | |
| Build / train | 60 | |
| Enter build submenu | 21 | |
| Enter hero's abilities submenu | 5 | |
| Give item / drop item | 3 | |
| Remove unit from queue | 1 | |
| Right click | 215 | |
| Select / deselect | 190 | |
| Select group hotkey | 236 | |
| Use ability | 47 | |
883 total
» units
| Acolyte | 9 | |
| Ghoul | 6 | |
| Crypt Fiend | 5 | |
| Frost Wyrm | 2 | |
22 total
» upgrades
| Creature Attack | 3 | |
| Creature Carapace | 5 | |
| Web | 1 | |
9 total
» buildings
| Crypt | 2 | |
| Altar of Darkness | 1 | |
| Ziggurat | 9 | |
| Graveyard | 1 | |
| Tomb of Relics | 1 | |
| Nerubian Tower | 3 | |
| Necropolis | 2 | |
| Halls of the Dead | 2 | |
| Spirit Tower | 6 | |
| Black Citadel | 5 | |
| Sacrificial Pit | 1 | |
| Slaughterhouse | 1 | |
| Boneyard | 3 | |
37 total
» build order
00:15 Crypt
00:17 Altar of Darkness
00:45 Ziggurat
01:21 Graveyard
01:33 Tomb of Relics
01:56 Nerubian Tower
02:23 Ziggurat
03:16 Crypt
03:57 Ziggurat
05:58 Necropolis
06:03 Ziggurat
06:04 Ziggurat
06:34 Ziggurat
07:17 Halls of the Dead
07:18 Halls of the Dead
07:20 Nerubian Tower
07:20 Nerubian Tower
07:37 Necropolis
07:45 Ziggurat
07:56 Spirit Tower
07:57 Spirit Tower
07:57 Spirit Tower
07:58 Spirit Tower
09:39 Black Citadel
09:39 Black Citadel
09:39 Black Citadel
09:42 Sacrificial Pit
09:46 Ziggurat
09:49 Spirit Tower
10:29 Slaughterhouse
11:05 Spirit Tower
11:08 Ziggurat
12:08 Boneyard
12:08 Boneyard
12:48 Boneyard
» items
| Rod of Necromancy | 1 | |
| Sacrificial Skull | 1 | |
| Potion of Healing | 1 | |
| Scroll of Town Portal | 1 | |
| Potion of Mana | 1 | |
5 total
safas (
red | 42 APM | 596 actions | 14:17)
5 Archmage
3 Summon Water Elemental
2 Brilliance Aura
» actions
| Basic commands | 12 | |
| Build / train | 56 | |
| Enter build submenu | 23 | |
| Enter hero's abilities submenu | 5 | |
| Remove unit from queue | 1 | |
| Right click | 209 | |
| Select / deselect | 247 | |
| Use ability | 43 | |
596 total
» units
| Peasant | 21 | |
| Footman | 9 | |
| Knight | 2 | |
| Mortar Team | 2 | |
34 total
» upgrades
| Defend | 1 | |
| Masonry | 2 | |
| Lumber Harvesting | 1 | |
| Magic Sentry | 1 | |
5 total
» buildings
| Farm | 7 | |
| Barracks | 1 | |
| Scout Tower | 7 | |
| Altar of Kings | 1 | |
| Arcane Tower | 1 | |
| Arcane Vault | 1 | |
| Keep | 1 | |
| Lumber Mill | 1 | |
| Town Hall | 1 | |
| Guard Tower | 5 | |
| Castle | 1 | |
| Blacksmith | 1 | |
| Arcane Sanctum | 1 | |
| Workshop | 2 | |
31 total
» build order
00:34 Farm
00:51 Barracks
01:11 Scout Tower
01:21 Farm
01:32 Altar of Kings
02:10 Arcane Tower
02:19 Farm
02:33 Arcane Vault
02:59 Farm
04:09 Farm
04:40 Keep
04:52 Lumber Mill
05:42 Town Hall
06:15 Scout Tower
06:18 Scout Tower
06:44 Guard Tower
06:46 Guard Tower
06:48 Scout Tower
07:12 Scout Tower
07:21 Scout Tower
07:41 Castle
07:51 Guard Tower
07:54 Farm
07:57 Farm
08:08 Scout Tower
08:23 Guard Tower
08:53 Guard Tower
09:59 Blacksmith
10:46 Arcane Sanctum
10:48 Workshop
11:50 Workshop
» items
frensis (
green | 49 APM | 704 actions | 14:17)
5 Keeper of the Grove
1 Force of Nature
3 Entangling Roots
1 Thorns Aura
2 Warden
1 Fan of Knives
1 Shadow Strike
» actions
| Assign group hotkey | 18 | |
| Basic commands | 16 | |
| Build / train | 60 | |
| Enter build submenu | 14 | |
| Enter hero's abilities submenu | 7 | |
| Give item / drop item | 3 | |
| Remove unit from queue | 4 | |
| Right click | 225 | |
| Select / deselect | 193 | |
| Select group hotkey | 118 | |
| Use ability | 46 | |
704 total
» units
| Wisp | 15 | |
| Archer | 13 | |
| Hippogryph | 7 | |
35 total
» upgrades
| Hippogryph Taming | 1 | |
| Improved Bows | 1 | |
| Strength of the Moon | 2 | |
| Moon Armor | 2 | |
6 total
» buildings
| Moon Well | 5 | |
| Altar of Elders | 1 | |
| Ancient of War | 2 | |
| Ancient of Wonders | 1 | |
| Hunter's Hall | 1 | |
| Tree of Ages | 1 | |
| Tree of Life | 1 | |
| Ancient of Wind | 2 | |
14 total
» build order
00:22 Moon Well
00:25 Altar of Elders
00:36 Moon Well
01:42 Ancient of War
02:06 Ancient of War
02:16 Ancient of Wonders
02:43 Hunter's Hall
03:31 Moon Well
05:06 Tree of Ages
06:25 Tree of Life
06:39 Moon Well
07:40 Ancient of Wind
07:43 Ancient of Wind
11:26 Moon Well
» items
| Dust of Appearance | 2 | |
| Boots of Speed | 1 | |
| Scroll of Healing | 2 | |
5 total

»
oddnut (
blue | 26 APM | 367 actions | 14:17)
4 Blademaster
2 Wind Walk
2 Critical Strike
2 Shadow Hunter
1 Healing Wave
1 Hex
» actions
| Assign group hotkey | 1 | |
| Build / train | 40 | |
| Enter build submenu | 16 | |
| Enter hero's abilities submenu | 6 | |
| Give item / drop item | 1 | |
| Right click | 132 | |
| Select / deselect | 125 | |
| Select group hotkey | 10 | |
| Use ability | 36 | |
367 total
» units
» upgrades
» buildings
| Altar of Storms | 1 | |
| Orc Burrow | 7 | |
| Voodoo Lounge | 1 | |
| Barracks | 1 | |
| Stronghold | 1 | |
| War Mill | 1 | |
| Beastiary | 3 | |
| Great Hall | 1 | |
16 total
» build order
00:29 Altar of Storms
00:32 Orc Burrow
00:53 Voodoo Lounge
03:39 Barracks
03:41 Stronghold
03:49 Orc Burrow
03:52 Orc Burrow
05:29 War Mill
06:11 Beastiary
06:17 Beastiary
06:46 Orc Burrow
06:54 Beastiary
08:11 Orc Burrow
10:06 Great Hall
11:21 Orc Burrow
13:53 Orc Burrow
team 2 (winner)

»
Sonic_Panda (
purple | 37 APM | 396 actions | 10:49)
3 Blademaster
2 Wind Walk
1 Critical Strike
1 Shadow Hunter
1 Hex
» actions
| Assign group hotkey | 8 | |
| Basic commands | 16 | |
| Build / train | 34 | |
| Enter build submenu | 9 | |
| Enter hero's abilities submenu | 4 | |
| Right click | 134 | |
| Select / deselect | 83 | |
| Select group hotkey | 81 | |
| Use ability | 27 | |
396 total
» units
» upgrades
| Berserker Strength | 1 | |
| Shaman Training | 1 | |
| Long Rifles | 1 | |
3 total
» buildings
| Altar of Storms | 1 | |
| Orc Burrow | 6 | |
| Barracks | 1 | |
| Voodoo Lounge | 1 | |
| Stronghold | 1 | |
| War Mill | 1 | |
| Spirit Lodge | 1 | |
| Fortress | 1 | |
| Guard Tower | 1 | |
14 total
» build order
00:49 Altar of Storms
01:03 Orc Burrow
01:18 Barracks
01:45 Orc Burrow
01:54 Voodoo Lounge
04:19 Stronghold
05:12 Orc Burrow
05:12 Orc Burrow
05:17 War Mill
07:05 Spirit Lodge
07:09 Orc Burrow
07:11 Orc Burrow
09:42 Fortress
10:00 Guard Tower
» items
| Healing Salve | 2 | |
| Lesser Clarity Potion | 1 | |
| Scroll of Speed | 1 | |
4 total
GerLacH (
orange | 32 APM | 128 actions | 04:00)
1 Archmage
1 Summon Water Elemental
» actions
| Assign group hotkey | 2 | |
| Build / train | 12 | |
| Enter build submenu | 8 | |
| Enter hero's abilities submenu | 1 | |
| Right click | 54 | |
| Select / deselect | 39 | |
| Select group hotkey | 2 | |
| Use ability | 10 | |
128 total
» units
» buildings
| Altar of Kings | 1 | |
| Farm | 4 | |
| Blacksmith | 1 | |
| Barracks | 2 | |
8 total
» build order
00:13 Altar of Kings
00:26 Farm
01:15 Farm
01:58 Blacksmith
02:07 Barracks
02:09 Barracks
02:20 Farm
03:23 Farm
RevengeIsMine (
teal | 27 APM | 368 actions | 13:35)
5 Archmage
2 Summon Water Elemental
3 Brilliance Aura
» actions
| Basic commands | 14 | |
| Build / train | 30 | |
| Enter build submenu | 17 | |
| Enter hero's abilities submenu | 5 | |
| Right click | 146 | |
| Select / deselect | 126 | |
| Use ability | 30 | |
368 total
» units
» upgrades
» buildings
| Altar of Kings | 1 | |
| Farm | 5 | |
| Barracks | 1 | |
| Blacksmith | 1 | |
| Lumber Mill | 2 | |
| Keep | 2 | |
| Scout Tower | 5 | |
| Arcane Tower | 2 | |
| Castle | 1 | |
| Workshop | 1 | |
| Arcane Sanctum | 1 | |
22 total
» build order
00:19 Altar of Kings
00:22 Farm
00:44 Barracks
01:16 Blacksmith
01:59 Farm
02:45 Farm
03:12 Lumber Mill
03:38 Farm
03:42 Keep
04:22 Scout Tower
04:41 Scout Tower
05:25 Keep
05:27 Arcane Tower
05:32 Scout Tower
05:40 Scout Tower
05:45 Scout Tower
06:11 Castle
06:12 Arcane Tower
06:16 Farm
07:01 Lumber Mill
07:37 Workshop
07:46 Arcane Sanctum
The.Gigalo (
pink | 72 APM | 1031 actions | 14:17)
3 Crypt Lord
2 Carrion Beetles
1 Spiked Carapace
» actions
| Assign group hotkey | 25 | |
| Basic commands | 91 | |
| Build / train | 36 | |
| ESC pressed | 13 | |
| Enter build submenu | 10 | |
| Enter hero's abilities submenu | 3 | |
| Give item / drop item | 1 | |
| Remove unit from queue | 1 | |
| Right click | 276 | |
| Select / deselect | 266 | |
| Select group hotkey | 211 | |
| Use ability | 98 | |
1031 total
» units
| Acolyte | 2 | |
| Ghoul | 4 | |
| Crypt Fiend | 7 | |
| Meatwagon | 5 | |
18 total
» upgrades
| Unholy Strength | 2 | |
| Unholy Armor | 1 | |
| Exhume Corpses | 1 | |
4 total
» buildings
| Altar of Darkness | 1 | |
| Ziggurat | 4 | |
| Crypt | 1 | |
| Graveyard | 1 | |
| Tomb of Relics | 1 | |
| Halls of the Dead | 2 | |
| Spirit Tower | 4 | |
| Slaughterhouse | 2 | |
16 total
» build order
00:08 Altar of Darkness
00:09 Ziggurat
00:34 Crypt
00:58 Graveyard
01:25 Tomb of Relics
01:50 Ziggurat
02:50 Halls of the Dead
03:29 Ziggurat
04:52 Spirit Tower
04:53 Spirit Tower
05:17 Slaughterhouse
05:20 Slaughterhouse
06:08 Ziggurat
08:41 Spirit Tower
08:42 Spirit Tower
» items
| Rod of Necromancy | 1 | |
| Scroll of Town Portal | 1 | |
2 total
Chat log
(00:04 / Allies) GerLacH: yo guys
(00:10 / Allies) The.Gigalo: sup
(00:18 / Allies) GerLacH: rifles morts sorc
(00:45 / Allies) GerLacH: wanna mass rush?
(00:49 / Allies) The.Gigalo: no, rushes suck
(00:53 / Allies) RevengeIsMine: im in if all 4 go
(00:59 / Allies) RevengeIsMine: rushes RULE
(01:08 / Allies) The.Gigalo: rushes are for people who can't macro and only work against shitties
(01:21 / Allies) GerLacH: idc
(01:25 / Allies) GerLacH: ill do whatever
(01:30 / Allies) GerLacH: just make sure we creep mid
(01:34 / Allies) RevengeIsMine: thats why they work 100% when pple do it hard core
(01:39 / Allies) The.Gigalo: lol
(01:50 / Allies) RevengeIsMine: always some solo shithead who wont commit to it
(02:38 / Allies) RevengeIsMine: properly executed rush is unstoppable
(02:42 / Allies) The.Gigalo: c00l
(03:41 / Allies) GerLacH: teal
(03:44 / Allies) GerLacH: what r u getting?
(03:50 / Allies) RevengeIsMine: whatever i want
(03:52 / Allies) RevengeIsMine: just tech his men in his base
(04:00 / Allies) Sonic_Panda: orange u ass
(04:12 / Allies) RevengeIsMine: shit base desgin
(09:27 / Allies) The.Gigalo: i stabbed you on market square teal
(09:29 / Allies) The.Gigalo: do you remember
(09:34 / Allies) The.Gigalo: the standoff you won
(09:51 / Allies) The.Gigalo: my blood mage harass?
(10:10 / Allies) RevengeIsMine: wtf pink
(10:15 / Allies) The.Gigalo: remember that agme sir?
(10:21 / Allies) Sonic_Panda: wtf pink u nigger
(10:22 / Allies) The.Gigalo: I uploaded it to highper.ch, it was the mexican standoff you won
(10:28 / Allies) The.Gigalo: i stabbed youa nd dominated that game
(10:34 / Allies) RevengeIsMine: not at all
(10:36 / Allies) The.Gigalo: my bets were not on you to win it
(10:42 / Allies) Sonic_Panda: pink your faggot
(10:46 / Allies) The.Gigalo: lol
(10:56 / All) The.Gigalo: well done, a successful stab
(11:38 / All) The.Gigalo: leave teal, you were humiliated
(11:44 / All) The.Gigalo: you are 156-151 now
(12:06 / All) RevengeIsMine: and u are nothing
(12:08 / All) The.Gigalo: lol
(12:30 / All) RevengeIsMine: ill just finish killin puprle
(12:32 / All) The.Gigalo: your family name was disgraced, sir.
(12:38 / All) RevengeIsMine: lol hardly
(12:40 / All) The.Gigalo: you do that, and then leave and disperse
(13:08 / All) The.Gigalo: unsummoning now
(13:16 / All) The.Gigalo: GG
(13:21 / All) RevengeIsMine: lol go ahead
(13:24 / All) The.Gigalo: cyu green
(13:27 / All) The.Gigalo: Revenge, is mine
(13:30 / All) RevengeIsMine: im sure purple will remember
(13:34 / All) The.Gigalo: ya
(13:48 / All) The.Gigalo: RIP